 Dungeon Crawl Stone Soup version 0.21-a0-94-gdd6ab6a (webtiles) character file.

49 Musica the Stinger (level 3, -7/21 HPs)
             Began as an Octopode Venom Mage on July 3, 2017.
             Killed from afar by an orc wizard (11 damage)
             ... with a puff of frost
             ... on level 3 of the Dungeon.
             The game lasted 00:06:00 (1270 turns).

Musica the Stinger (Octopode Venom Mage)            Turns: 1270, Time: 00:06:00

Health: -7/21      AC:  1    Str:  7    XL:     3   Next: 75%
Magic:  6/6        EV: 16    Int: 18    God:
Gold:   60         SH:  0    Dex: 12    Spells: 6/7 levels left

rFire    . . .     SeeInvis .   m - +1 dagger (freeze)
rCold    . . .     Gourm    .   (no shield)
rNeg     . . .     Faith    .   (helmet restricted)
rPois    .         Spirit   .   (no amulet)
rElec    .         Reflect  .   j - +3 ring of evasion
rCorr    .         Harm     .   (no ring)
MR       .....                  (no ring)
Stlth    +++.......             (no ring)
HPRegen  0.07/turn              (no ring)
MPRegen  0.10/turn              (no ring)
                                (no ring)
                                (no ring)

@: no status effects
A: almost no armour, stealthy swim, amphibious, 8 rings, constrict 8, camouflage
1, gelatinous body 1
a: no special abilities


You were on level 3 of the Dungeon.
You were not hungry.

You visited 1 branch of the dungeon, and saw 4 of its levels.

You collected 60 gold pieces.

Inventory:

Hand Weapons
 m - a +1 dagger of freezing (weapon)
Missiles
 e - 22 bolts
 f - 43 arrows
 i - 15 poisoned needles
Jewellery
 j - a +3 ring of evasion (left tentacle)
Scrolls
 c - a scroll of enchant weapon
Potions
 g - a potion of curing
Books
 a - a Young Poisoner's Handbook

   Spells                             Type                      Level
   a - Sting                          Conjuration/Poison           1
   b - Poisonous Vapours              Poison/Air                   2
   c - Mephitic Cloud                 Conjuration/Poison/Air       3
   d - Olgreb's Toxic Radiance        Poison                       4
   e - Venom Bolt                     Conjuration/Poison           5
Comestibles
 b - 4 bread rations
 d - a meat ration
 k - a royal jelly


   Skills:
 * Level 0.6 Short Blades
 - Level 2.0 Dodging
 + Level 3.4 Stealth
 + Level 2.5 Spellcasting
 * Level 1.7 Conjurations
 + Level 4.2 Poison Magic


You had 6 spell levels left.
You knew the following spells:

 Your Spells              Type           Power        Failure   Level  Hunger
a - Sting                 Conj/Pois      ##..         4%          1    #......


Dungeon Overview and Level Annotations

Branches:
Dungeon (4/15)
 Temple: D:4-7

Altars:


Innate Abilities, Weirdness & Mutations

You cannot wear most types of armour.
You are very stealthy in the water. (Stealth+)
You are amphibious.
You can wear up to eight rings at the same time.
You can use your tentacles to constrict eight enemies at once.
Your skin changes colour to match your surroundings (Stealth+).
Your rubbery body absorbs attacks. (AC +1, EV +1)


Message History

The orc wizard is lightly wounded.
The orc wizard misses you.
You hit the orc wizard but do no damage.
Your grab misses the orc wizard.
The orc wizard is lightly wounded.
The orc wizard hits you with a dagger.
* * * LOW HITPOINT WARNING * * *
The orc wizard closely misses you.
You hit the orc wizard but do no damage.
You grab the orc wizard. You squeeze the orc wizard.
The orc wizard is heavily wounded.
You constrict the orc wizard, but do no damage.
The orc wizard hits you with a dagger.
* * * LOW HITPOINT WARNING * * *
Okay, then.
You release your grip on the orc wizard.
The orc wizard gestures at you while chanting.
The puff of frost hits you!
Ouch! That really hurt!
You die...

#. .
#o##.
#...#
#..o##
#.#..
#$..#
#.o#
#####o.#
#.@ooo.#
#.###...#
#.#
#......#
#.#
#...#..#
#.#
#####....
#.# .###
#.# # #.#
#.#


You could see an orc wizard and 3 orcs.

Vanquished Creatures
  An adder (D:3)
  A worm (D:2)
  2 dart slugs (D:1)
  A leopard gecko (D:2)
  An orc (D:3)
  2 giant cockroaches
  A goblin (D:1)
  4 hobgoblins
  6 jackals (D:3)
  3 kobolds
  3 bats
  2 frilled lizards (D:2)
  A rat (D:1)
28 creatures vanquished.

Notes
Turn   | Place    | Note
-------+----------+-------------------------------------------
     0 | D:1      | Musica the Octopode Venom Mage began the quest for the Orb.
     0 | D:1      | Reached XP level 1. HP: 11/11 MP: 3/3
   525 | D:1      | Reached XP level 2. HP: 17/17 MP: 5/5
   792 | D:2      | Reached skill level 4 in Poison Magic
   945 | D:3      | Reached XP level 3. HP: 21/21 MP: 3/6
  1270 | D:3      | Killed from afar by an orc wizard

Vault maps used:
D:1:      moated_graveyard_arrival, minmay_misc_feat_enclosed
D:2:      first_bread
D:3:      cheibrodos_sewer_entry_bend
D:4:      cheibrodos_ashenzari_chains

Skill      XL: |  1  2 |
---------------+-------+-----
Stealth        | 3 |  3.4
Poison Magic   | 4 |  4.2
Short Blades   | |  0.6
Dodging        | |  2.0
Spellcasting   | |  2.5
Conjurations   | |  1.7

Action                   || total
-------------------------++-------
Melee: Spear             ||    16
       Constrict         ||    16
       Tentacles         ||    10
       Short sword       ||    42
       Dagger            ||     5
 Cast: Sting             ||    23
  Use: Potion            ||     2
       Scroll            ||     3
 Stab: Sleeping          ||     4
  Eat: Chunk             ||     1
Armor: Skin              ||     6
Dodge: Dodged            ||    35
